 Dungeon Crawl Stone Soup version 0.31-a0-1499-ge0622b2318 (webtiles) character file.

Game seed: 17228964842730865450

695 browni3141 the Changeling (level 7, -1/49 HPs)
             Began as a Formicid Shapeshifter on Dec 30, 2023.
             Slain by Edmund
             ... wielding a +6 flail of protection
              (12 damage)
             ... on level 5 of the Dungeon.
             The game lasted 00:06:57 (3721 turns).

browni3141 the Changeling (Formicid Shapeshifter)   Turns: 3721, Time: 00:06:59

Health: -1/49      AC:  7    Str: 18    XL:     7   Next: 96%
Magic:  7/7        EV: 11    Int: 10    God:
Gold:   239        SH:  0    Dex: 15    Spells: 6/6 levels left

rFire   . . .        w - +6 shillelagh "Devastator" {shatter}
rCold   + . .        (no shield)
rNeg    . . .        x - +0 scale mail
rPois   .            (helmet unavailable)
rElec   .            (cloak currently unavailable)
rCorr   .            (gloves currently unavailable)
SInv    +            (boots currently unavailable)
Will    .....        (no amulet) Stlth
                     u - ring of protection from cold
HPRegen 0.28/turn    (no ring)
MPRegen 0.10/turn

%: no passive effects
@: beast-form, studying Maces & Flails
A: beast (slay +4), permanent stasis, dig shafts and tunnels, antennae 3, four
strong arms
a: Dig, Shaft Self, Begin Untransformation


You were on level 5 of the Dungeon.
You were a hulking beast.
You visited 1 branch of the dungeon, and saw 5 of its levels.

You collected 239 gold pieces.

Inventory:

Hand Weapons
 b - a +2 sling of flaming
 l - a +0 dagger of holy wrath
 w - the +6 shillelagh "Devastator" (weapon) {shatter}
   (You found it on level 2 of the Dungeon)
Armour
 a - a +0 animal skin
 e - a +0 ring mail
 q - a scarf of shadows
 r - a +0 pair of boots
 x - a +0 scale mail (worn)
 B - a +0 pair of gloves
Jewellery
 u - a ring of protection from cold (left hand)
Talismans
 c - a beast talisman
 d - a flux talisman
Scrolls
 f - a scroll of enchant armour {unknown}
 g - a scroll of silence {unknown}
 h - a scroll of enchant weapon {unknown}
 i - a scroll of amnesia {unknown}
 n - 2 scrolls of teleportation {unknown}
 s - a scroll of blinking {unknown}
 t - 2 scrolls of revelation {unknown}
 v - 4 scrolls of identify
 y - a scroll of fog {unknown}
 C - a scroll of noise {unknown}
 E - a scroll of fear {unknown}
Potions
 j - a potion of heal wounds
 k - a potion of ambrosia
 m - 3 potions of curing
 o - 2 potions of lignification
 p - a potion of berserk rage {unknown}
 z - a potion of brilliance {unknown}
 A - a potion of might {unknown}
 D - a potion of enlightenment {unknown}


   Skills:
 + Level 1.8 Fighting
 - Level 4.0 Armour
 - Level 3.0 Dodging
 * Level 3.6 Unarmed Combat
 - Level 7.0 Shapeshifting


You had 6 spell levels left.
You didn't know any spells.
Your spell library contained the following spells:

 Spells                   Type           Power      Damage    Failure   Level
 Kiss of Death            Conj/Necr      0%         2d5       75%         1
 Magic Dart               Conj           0%         1d3       75%         1
 Jinxbite                 Hex            0%         N/A       86%         2
 Searing Ray              Conj           0%         2d4       86%         2
 Confusing Touch          Hex            0%         N/A       98%         3
 Animate Armour           Summ/Erth      0%         N/A       100%        4
 Brom's Barrelling Bould  Conj/Erth      0%         2d3       100%        4
 Dispel Undead            Necr           0%         3d6       100%        4
 Fulminant Prism          Conj/Alch      0%         3d5       100%        4
 Summon Lightning Spire   Summ/Air       0%         N/A       100%        4
 Fireball                 Conj/Fire      0%         3d3       100%        5
 Iskenderun's Battlesphe  Conj           0%         2d6       100%        5
 Lee's Rapid Deconstruct  Erth           0%         3d4*      100%        5
 Yara's Violent Unravell  Hex/Alch       0%         3d3       100%        5
 Conjure Ball Lightning   Conj/Air       0%         3x3d6     100%        6
 Enfeeble                 Hex            0%         N/A       100%        7
 Orb of Destruction       Conj           0%         9d5       100%        7


Dungeon Overview and Level Annotations

Branches:
Dungeon (5/15)
 Temple: D:4-7

Altars:
Uskayaw

Annotations:
D:2 1 runed translucent door, Crazy Yiuf
D:5 Edmund


Innate Abilities, Weirdness & Mutations

You are a hulking beast.
Your limbs bulge with bestial killing power. (Slay +4)
You cannot be hasted, slowed, berserked, paralysed or teleported.
You can dig through walls and to a lower floor.
You have a pair of large antennae on your head. (SInv)
Your four strong arms can wield two-handed weapons with a shield.


Message History

Press: ? - help, v - describe, . - travel
Here: Edmund, wielding a +6 flail of protection and wearing a +0 ring mail The floor.
Unknown command.
Unknown command.
Unknown command.
Okay, then.
Okay, then.
Okay, then.
Unknown command.
Time to lay down the shillelagh law.
w - the +6 shillelagh "Devastator" (weapon)
{shatter} Edmund hits you with a +6 flail of protection.
You hit Edmund.
Edmund and the hound shudder.
The hound is heavily wounded.
Edmund is lightly wounded.
Edmund closely misses you.
You sock Edmund!
Edmund and the hound shudder.
Edmund is severely wounded.
You kill the hound!
Edmund is severely wounded.
Edmund completely misses you. Edmund barely misses you.
You hit Edmund but do no damage.
Edmund is severely wounded.
Edmund says, "I'm quite good with sums, too."
Edmund hits you with a +6 flail of protection!
You closely miss Edmund.
Edmund is severely wounded.
Edmund hits you with a +6 flail of protection!
You hit Edmund but do no damage.
Edmund is severely wounded.
Edmund clears his throat.
Edmund hits you with a +6 flail of protection.
You hit Edmund.
Edmund shudders.
Edmund is almost dead. x2
Edmund hits you with a +6 flail of protection!
* * * LOW HITPOINT WARNING * * *
Edmund hits you with a +6 flail of protection!
You die...
Edmund says, "I'd like to see a scythe do that!"

.# .# .# . #.##
....######...###
.....†@h.....).#
.....####....#.#
.>. #.#.##.# .
#.#.##.#
#.#.##.#
#.#.##.#
#.#.##.###
#(#......##
#....#....#


You could see Edmund.

Vanquished Creatures
  Grinder (D:3)
  A scorpion (D:4)
  A jelly (D:4)
  A bombardier beetle (D:4)
  3 hounds
  Jessica (D:3)
  Ijyb (D:3)
  Terence (D:3)
  An orc wizard (D:4)
  Robin (D:2)
  3 gnolls (D:3)
  4 adders
  3 ribbon worms
  4 dart slugs
  5 orcs
  8 bats
  3 endoplasms
  3 giant cockroaches
  13 goblins
  8 hobgoblins
  3 jackals (D:1)
  9 kobolds
  A quokka (D:1)
  7 ball pythons
  3 frilled lizards
  3 rats
92 creatures vanquished.

Notes
Turn   | Place    | Note
-------+----------+-------------------------------------------
     0 | D:1      | browni3141 the Formicid Shapeshifter began the quest for
                  | the Orb.
     0 | D:1      | Reached XP level 1. HP: 15/15 MP: 1/1
    88 | D:1      | Reached XP level 2. HP: 21/21 MP: 2/2
   262 | D:1      | Reached skill level 4 in Shapeshifting
   265 | D:1      | Reached XP level 3. HP: 23/26 MP: 3/3
   549 | D:1      | Reached skill level 1 in Armour
   711 | D:2      | Reached XP level 4. HP: 30/31 MP: 4/4
   868 | D:2      | Found a runed translucent door.
   868 | D:2      | Found the +6 shillelagh "Devastator" {shatter}
   869 | D:2      | Noticed Crazy Yiuf
  1587 | D:2      | Noticed Robin
  1595 | D:2      | Killed Robin
  1955 | D:3      | Noticed Terence
  1963 | D:3      | Killed Terence
  1964 | D:3      | Reached XP level 5. HP: 37/37 MP: 5/5
  2085 | D:3      | Noticed Jessica
  2089 | D:3      | Noticed Ijyb
  2090 | D:3      | Killed Jessica
  2091 | D:3      | Reached skill level 5 in Shapeshifting
  2122 | D:3      | Killed Ijyb
  2247 | D:3      | Reached XP level 6. HP: 15/38 MP: 6/6
  2438 | D:3      | Noticed Grinder
  2445 | D:3      | Killed Grinder
  2446 | D:3      | Reached skill level 6 in Shapeshifting
  2446 | D:3      | Reached XP level 7. HP: 31/48 MP: 7/7
  3205 | D:4      | Found a hide-covered altar of Uskayaw.
  3205 | D:4      | Noticed a +0 hand axe
  3205 | D:4      | Noticed a +0 hand axe
  3211 | D:4      | Reached skill level 7 in Shapeshifting
  3651 | D:5      | Entered Level 5 of the Dungeon
  3712 | D:5      | Noticed Edmund
  3721 | D:5      | Slain by Edmund

Illustrated notes

Levels and vault maps discovered:
D:1:      minmay_arrival_split_and_join, layout_rooms
D:2:      layout_basic, minmay_tromino_mix6, uniq_robin, uniq_crazy_yiuf_cottage
D:3:      layout_basic, uniq_terence, uniq_grinder, uniq_ijyb, uniq_jessica
D:4:      layout_loops_corners, dancing_weapons_uskayaw,
          minmay_manual_monstrance
D:5:      minmay_spotlight, layout_loops_ring, mainiacjoe_overflow_alcove_1,
          uniq_edmund

Skill      XL: |  1  2  3  4  5  6  7 |
---------------+----------------------+-----
Shapeshifting  | 4 5 6 7 |  7.0
Dodging        | 2 3 |  3.0
Armour         | 1 2 3 4 |  4.0
Fighting       | |  1.8
Unarmed Combat | |  3.6

Action                     |  1- 3 |  4- 6 |  7- 9 || total
---------------------------+-------+-------+-------++-------
  Melee: Unarmed           |    82 |    34 |    59 ||   175
         Shillelagh        |       |     2 |     6 ||     8
         Punch             |       |       |     1 ||     1
   Fire: Sling             |     4 |    53 |     6 ||    63
Ability: Dig               |     1 |     2 |       ||     3
  Evoke: Wand              |       |     8 |       ||     8
    Use: Scroll            |       |     3 |       ||     3
 Armour: Ring mail         |    52 |    23 |     3 ||    78
         Scale mail        |       |       |    34 ||    34
  Dodge: Dodged            |    56 |    18 |    31 ||   105

Table legend: (Time is in decaauts)
 A = Elapsed time spent in this place.
 B = Non-inter-level travel time spent in this place.
 C = Inter-level travel time spent in this place.
 D = Time resting spent in this place.
 E = Time spent auto-exploring this place.
 F = Levels seen in this place.
 G = Mean time per level.
                   A        B        C        D        E       F      G
               +--------+--------+--------+--------+--------+-----+--------+
         Total |   3735 |   3597 |    138 |    127 |   2791 |   5 |  747.0 |
       Dungeon |   3735 |   3597 |    138 |    127 |   2791 |   5 |  747.0 |
               +--------+--------+--------+--------+--------+-----+--------+

Top non-repeatable levels by time:
     D:2: 1333 daAuts
     D:4: 1005 daAuts
     D:3: 759 daAuts
     D:1: 566 daAuts
     D:5: 70 daAuts
